Map: King's Cove LE

Players

InZaNe - Winner!

  • Race: Terran Terran
  • Spawn Location: 5:00

SaLemandr

  • Race: Terran Terran
  • Spawn Location: 11:00

Event: 2019 WCS Spring

VOD

Have the link to the VOD?

Description

Time

  • Played on: May 17, 2019, 11:37 a.m.
  • Length: 12:59

All games in this series

Show
View Real Time Build Order
Export as new Build Order

InZaNe Terran - Winner!

Build Orders: Mech 

Get SALT Encoding   

  12  0:00  SCV  
  13  0:12  SCV  
  14  0:17  Supply Depot  
  14  0:25  SCV  
  15  0:29  Refinery  
  15  0:39  SCV  
  16  0:45  Barracks  
  16  0:51  SCV  
  16  0:56  Refinery  
  17  1:03  SCV  
  18  1:15  SCV  
  19  1:33  Orbital Command, Factory  
  19  1:37  Reaper  
  20  1:49  Supply Depot  
  20  1:59  SCV  
  21  2:09  Reaper  
  21  2:11  SCV  
  23  2:19  Hellion  
  25  2:23  SCV  
  26  2:32  Command Center  
  26  2:41  Hellion, Reaper  
  29  2:47  Starport  
  30  2:55  SCV  
  30  2:56  Supply Depot  
  30  3:04  Factory Tech Lab  
  30  3:07  SCV  
  31  3:14  Barracks Tech Lab  
  32  3:20  SCV  
  32  3:23  Cyclone  
  35  3:32  SCV  
  36  3:39  Refinery  
  36  3:44  SCV  
  35  3:54  Orbital Command  
  32  3:56  SCV, Raven  
  32  4:00  Cyclone  
  38  4:08  SCV  
  39  4:15  Command Center  
  39  4:20  SCV  
  39  4:21  SCV  
  41  4:31  Refinery  
  41  4:32  SCV  
  41  4:37  SCV  
  43  4:41  Raven  
  43  4:44  SCV  
  46  4:49  SCV  
  38  4:53  Siege Tank  
  38  4:56  SCV  
  40  5:01  SCV  
  35  5:08  SCV  
  35  5:13  SCV  
  37  5:17  Barracks Reactor  
  37  5:20  SCV  
  36  5:23  Raven  
  36  5:25  SCV  
  39  5:33  SCV  
  39  5:37  SCV  
  39  5:39  Orbital Command  
  40  5:45  SCV  
  45  5:50  SCV, Siege Tank  
  45  5:57  SCV  
  45  6:02  SCV  
  47  6:07  SCV  
  47  6:09  SCV  
  49  6:14  SCV  
  50  6:18  Viking  
  50  6:19  Viking, Supply Depot, SCV  
  50  6:21  SCV  
  50  6:24  Siege Tank  
  59  6:26  SCV  
  59  6:30  Supply Depot  
  59  6:31  SCV  
  61  6:33  SCV  
  61  6:38  SCV  
  63  6:45  SCV  
  65  6:48  Viking  
  65  6:49  Viking  
  65  6:50  SCV  
  69  6:57  SCV, Engineering Bay  
  69  6:59  Factory, Supply Depot  
  70  7:01  Orbital Command  
  70  7:02  SCV  
  70  7:04  Siege Tank  
  74  7:09  SCV, Factory  
  74  7:12  Barracks Reactor  
  74  7:14  SCV  
  76  7:19  Refinery  
  76  7:20  Viking  
  76  7:21  SCV  
  79  7:22  Refinery  
  79  7:26  SCV  
  79  7:27  SCV  
  79  7:28  Viking  
  83  7:34  SCV  
  84  7:38  SCV  
  84  7:39  SCV  
  86  7:45  Supply Depot  
  86  7:46  SCV, Siege Tank  
  86  7:51  SCV x2  
  91  7:58  SCV  
  93  8:05  Supply Depot  
  93  8:06  SCV, Hellion x2  
  93  8:07  Siege Tank  
  100  8:14  SCV  
  100  8:16  Viking x2  
  100  8:18  SCV  
  100  8:26  Orbital Command  
  100  8:31  Supply Depot  
  100  8:33  Supply Depot x3  
  98  8:52  Supply Depot  
  98  8:53  SCV, Hellion  
  98  8:54  SCV x2  
  103  8:56  Factory  
  103  8:59  Factory  
  103  9:05  SCV  
  103  9:06  SCV x2  
  106  9:11  Hellion, Barracks Reactor  
  108  9:17  SCV  
  108  9:18  SCV x2  
  108  9:22  Armory  
  108  9:23  Armory  
  111  9:29  Viking, SCV  
  111  9:31  Viking  
  116  9:34  Siege Tank  
  119  9:41  Infernal Pre-Igniter, Engineering Bay  
  119  9:45  Factory Tech Lab  
  125  9:53  Hellion x2  
  125  9:58  Command Center  
  125  9:59  Hellion x2  
  130  10:02  Viking  
  130  10:05  Viking  
  132  10:11  Supply Depot  
  132  10:13  Terran Vehicle And Ship Armor Level 1, Supply Depot, Terran Vehicle Weapons Level 1  
  129  10:14  Supply Depot  
  129  10:16  Supply Depot  
  129  10:23  Siege Tank  
  129  10:28  Siege Tank, Supply Depot  
  132  10:29  Siege Tank  
  132  10:35  Starport  
  138  10:37  Hellion x3  
  138  10:39  Hellion  
  146  10:43  Missile Turret  
  146  10:50  Viking x2  
  146  10:56  Siege Tank  
  153  11:01  Hellion x3  
  150  11:11  Siege Tank x2  
  150  11:12  Hellion, Starport Reactor  
  147  11:22  Viking x2, Hellion  
  135  11:26  Hellion x2  
  135  11:34  Hellion, Siege Tank  
  135  11:37  SCV x2  
  135  11:39  SCV  
  143  11:43  Refinery  
  143  11:44  Refinery  
  143  11:47  Planetary Fortress  
  143  11:49  SCV  
  143  11:53  Viking x2  
  148  11:56  Viking  
  148  11:58  Viking  
  148  12:05  Siege Tank x2  
  148  12:06  Hellion  
  141  12:17  SCV x3  
  141  12:20  Siege Tank  
  141  12:21  Hellion x2  
  141  12:22  Hellion  
  153  12:28  Viking  
  155  12:32  Hellion  
Show
View Real Time Build Order
Export as new Build Order

SaLemandr Terran 

Build Orders:  

Get SALT Encoding   

  12  0:00  SCV  
  13  0:13  SCV  
  14  0:18  Supply Depot  
  14  0:25  SCV  
  15  0:31  Refinery  
  15  0:39  SCV  
  16  0:46  Barracks  
  16  0:51  SCV  
  16  0:56  Refinery  
  17  1:03  SCV  
  18  1:15  SCV  
  19  1:28  SCV  
  21  1:32  Reaper  
  21  1:35  Factory  
  21  1:41  Orbital Command  
  21  1:50  Supply Depot  
  21  2:05  Reaper  
  21  2:06  SCV  
  23  2:18  SCV  
  23  2:20  Hellion  
  26  2:30  SCV  
  27  2:42  Command Center  
  27  2:44  Reaper  
  28  2:49  Hellion  
  28  2:51  SCV  
  31  3:02  Supply Depot  
  31  3:07  SCV  
  31  3:14  Factory Tech Lab  
  31  3:16  Barracks Reactor  
  31  3:17  Starport  
  31  3:24  SCV  
  32  3:34  Cyclone  
  32  3:36  SCV  
  36  3:48  SCV  
  35  3:53  Orbital Command  
  34  4:00  SCV  
  34  4:01  Starport Tech Lab, Marine x2  
  37  4:07  Siege Tank  
  40  4:12  SCV  
  41  4:19  Raven  
  41  4:20  Barracks  
  41  4:22  SCV, Barracks  
  44  4:24  SCV  
  44  4:27  Marine  
  44  4:28  Marine  
  47  4:34  SCV  
  47  4:37  SCV  
  44  4:51  SCV  
  44  4:52  SCV  
  45  5:03  SCV  
  45  5:04  SCV  
  45  5:06  Marine  
  45  5:07  Raven, Siege Tank, Marine  
  52  5:15  SCV  
  52  5:16  SCV  
  54  5:21  Barracks Tech Lab x2  
  54  5:33  Marine  
  54  5:34  SCV x2  
  54  5:41  Stimpack  
  54  5:43  Supply Depot  
  54  5:46  Supply Depot  
  54  5:47  Combat Shield, Refinery x2  
  54  5:59  Starport Reactor, Engineering Bay  
  54  6:04  Marine x4  
  54  6:05  SCV x2  
  54  6:06  Supply Depot  
  54  6:08  Supply Depot  
  60  6:16  Siege Tank  
  60  6:17  SCV  
  64  6:20  SCV  
  64  6:22  Marine x3  
  68  6:26  Terran Infantry Weapons Level 1  
  68  6:29  SCV, Marine  
  68  6:32  SCV  
  71  6:39  Command Center  
  70  6:40  Marine x2  
  70  6:41  SCV  
  70  6:44  SCV  
  70  6:48  Marine  
  70  6:49  Marine  
  70  6:51  Siege Tank  
  70  6:53  SCV  
  76  6:56  SCV  
  76  6:58  Marine  
  78  7:02  Marine  
  78  7:05  SCV  
  78  7:06  Marine  
  78  7:08  Marine  
  82  7:10  SCV, Viking  
  82  7:14  Supply Depot  
  85  7:16  Supply Depot, Marine  
  86  7:35  Viking, Marine x2  
  86  7:36  SCV, Siege Tank  
  94  7:38  SCV, Marine  
  94  7:40  Viking  
  95  7:48  SCV  
  95  7:49  Marine  
  95  7:50  SCV  
  98  7:53  Marine x2  
  100  8:00  SCV  
  100  8:02  SCV  
  102  8:08  SCV  
  102  8:12  SCV  
  98  8:16  Marine x3  
  98  8:17  Siege Tank  
  98  8:18  SCV  
  100  8:20  SCV  
  100  8:26  SCV  
  90  8:28  Marine  
  90  8:30  Barracks  
  90  8:31  Viking x2  
  90  8:34  SCV, Marine x2  
  94  8:39  Orbital Command  
  94  8:40  SCV  
  97  8:41  Marine  
  97  8:44  Terran Infantry Armor Level 1  
  97  8:46  Marine  
  97  8:47  Barracks  
  90  8:50  Armory  
  90  8:55  SCV  
  91  9:02  SCV  
  90  9:03  Marine x3  
  90  9:06  Medivac x2  
  90  9:07  SCV  
  90  9:08  Engineering Bay, Siege Tank  
  90  9:09  SCV  
  102  9:14  SCV, Marine  
  104  9:19  SCV  
  104  9:21  SCV, Marine  
  104  9:22  Sensor Tower  
  104  9:23  Sensor Tower  
  107  9:26  SCV  
  107  9:31  SCV  
  109  9:33  SCV  
  110  9:38  SCV  
  110  9:43  SCV  
  110  9:44  Marauder, Command Center, Marine x3  
  110  9:45  Concussive Shells  
  117  9:46  Barracks Reactor  
  117  9:58  Supply Depot x2  
  117  9:59  Supply Depot  
  117  10:00  Supply Depot  
  117  10:01  SCV, Marauder  
  117  10:06  Marauder, Marine x3  
  124  10:13  SCV  
  125  10:18  Supply Depot  
  125  10:20  SCV, Supply Depot  
  107  10:23  Marauder, Marine  
  107  10:24  Supply Depot, Marine  
  107  10:25  Marine x2  
  107  10:26  Marauder, Supply Depot  
  115  10:29  Viking x2  
  115  10:30  Terran Infantry Weapons Level 2  
  119  10:37  Marine  
  119  10:38  Siege Tank  
  119  10:41  Marine x2  
  125  10:44  Marauder, Starport  
  127  10:51  Marine  
  127  10:52  Marine x2  
  127  10:54  Marine  
  119  11:15  Marine  
  119  11:18  SCV  
  89  11:20  Marine x2  
  89  11:21  Marauder, SCV  
  89  11:22  SCV  
  89  11:24  Siege Tank, Marine x2  
  89  11:25  Viking x2  
  71  11:30  SCV  
  69  11:33  Marine x2  
  69  11:36  SCV  
  69  11:38  SCV, Marine  
  74  11:42  Marauder  
  74  11:44  Orbital Command  
  74  11:45  SCV  
  77  11:47  Marauder, Marine x2  
  77  11:49  Viking  
  77  11:51  Marine  
  77  11:52  Marauder  
  85  11:56  Marine  
  85  12:03  Marine  
  85  12:05  Marine x2  
  85  12:06  SCV x2  
  81  12:09  SCV, Marauder  
  81  12:12  SCV  
  85  12:18  SCV  
  85  12:19  Marine x2  
  85  12:20  Marauder  
  90  12:28  SCV x2  
  92  12:30  Marauder, Marine  
  92  12:31  Marauder, Marine  
Tags
 
Composition
Mech
Matchup
TvT
Player
InZaNe
Race
Terran
Spawn Locations
Cross Positions
Add a new tag
Caveats
  • Supply blocks, unpowered buildings, or Contaminate may cause inaccurate times.
  • Supply counts are checked every 10 seconds.